Penguins vs Bruins
Created - January 31, 2021 at 19:31
Goals
|
Penguins |
0 |
1 |
1 |
2 |
Bruins |
0 |
1 |
0 |
1 |
|
Shots
|
Penguins |
14 |
10 |
11 |
35 |
Bruins |
10 |
8 |
9 |
27 |
|
1st period
No Goal
Penalties :
Gilbert Brule (Pit) for Tripping (Minor) at 7:06
2nd period
1. Bruins , Victor Oreskovich 10 (Henrik Sedin 25) at 3:34
2. Penguins , Andrew Cogliano 18 (Gilbert Brule 21) at 7:49
Penalties :
Andrew Cogliano (Pit) for Hooking (Minor) at 8:33, Jason Demers (Bos) for Interference (Minor) at 12:59, Wojtek Wolski (Bos) for Hooking (Minor) at 13:23
3rd period
3. Penguins , Gilbert Brule 19 (Keith Aulie 18, Andrew Cogliano 24) at 1:52
Penalties :
Marcus Foligno (Pit) for Goalie Interference (Minor) at 4:16, Daniel Carcillo (Pit) for Holding (Minor) at 8:12, Johnny Boychuk (Bos) for Hooking (Minor) at 12:19, Marcus Foligno (Pit) for Hooking (Minor) at 17:09
Goalie Stats
Michal Neuvirth (Pit), 26 saves from 27 shots - (0.963), W, 15-15-4, 60:00 minutes
Kevin Poulin (Bos), 33 saves from 35 shots - (0.943), L, 25-9-2, 59:16 minutes
Players Stats for Penguins
Player Name G A P +/- PIM S H SB GA TA FO MP PP MP PK MP
------------------------------------------------------------------------------------
Alexei Marchenko 0 0 0 0 0 2 1 0 0 0 0/0 10:48 0:00 0:22
Andreas Martinsen 0 0 0 0 0 0 1 0 0 0 0/0 8:57 0:00 1:53
Andrew Cogliano 1 1 2 1 2 5 0 0 0 1 0/0 17:34 1:11 1:41
Cal Clutterbuck 0 0 0 0 0 2 1 0 1 0 0/0 12:21 0:03 2:17
Daniel Carcillo 0 0 0 0 2 0 2 1 2 1 0/1 20:58 3:11 3:22
Danny DeKeiser 0 0 0 0 0 1 2 1 0 0 0/0 19:13 1:09 4:06
Gilbert Brule 1 1 2 1 2 6 2 0 1 1 9/17 17:10 1:08 0:47
Jake McCabe 0 0 0 0 0 1 1 1 0 0 0/0 10:45 0:00 0:19
Jeff Schultz 0 0 0 0 0 0 0 3 0 0 0/0 19:13 1:09 4:06
Joe Colborne 0 0 0 0 0 2 1 0 0 0 4/7 12:31 0:00 3:31
Keith Aulie 0 1 1 1 0 1 0 1 0 1 0/0 30:02 3:13 5:30
Marcus Foligno 0 0 0 0 4 1 2 0 0 0 0/0 11:56 0:00 0:08
Mark Stone 0 0 0 1 0 3 0 0 0 0 0/0 14:01 1:13 0:00
Nikita Kucherov 0 0 0 0 0 3 1 0 2 0 0/0 17:31 3:06 0:34
Sean Monahan 0 0 0 0 0 3 1 1 0 0 1/1 7:36 0:00 0:35
Sean Zimmerman 0 0 0 1 0 1 1 2 1 1 0/0 29:59 3:13 5:27
Steven Stamkos 0 0 0 0 0 3 2 0 1 0 13/33 22:44 3:14 5:02
Viktor Arvidsson 0 0 0 0 0 1 1 0 1 0 1/2 6:41 0:00 0:00
Players Stats for Bruins
Player Name G A P +/- PIM S H SB GA TA FO MP PP MP PK MP
------------------------------------------------------------------------------------
Brendan Smith 0 0 0 -1 0 1 1 2 0 0 0/0 26:43 5:40 3:27
Casey Cizikas 0 0 0 0 0 1 0 0 0 0 2/5 10:15 0:00 1:37
Dan Hamhuis 0 0 0 1 0 0 1 1 0 0 0/0 22:03 4:15 1:08
Henrik Sedin 0 1 1 1 0 0 2 0 0 1 6/11 16:47 4:19 0:29
Ian Cole 0 0 0 -1 0 0 2 0 0 2 0/0 12:08 0:00 0:41
Jason Demers 0 0 0 -1 2 4 1 0 0 1 0/0 25:08 5:40 1:29
Johnny Boychuk 0 0 0 1 2 1 3 3 0 3 0/0 23:06 4:15 2:09
Jonathan Toews 0 0 0 0 0 2 3 0 0 0 17/27 20:17 5:36 0:29
Kris Chucko 0 0 0 0 0 2 0 0 0 0 0/0 9:12 0:00 0:34
Matt Read 0 0 0 -2 0 2 1 0 1 1 0/0 9:57 0:00 0:00
Miikka Salomaki 0 0 0 0 0 1 2 1 0 0 0/0 8:38 0:00 0:00
Mike Ribeiro 0 0 0 -2 0 2 2 0 0 0 5/10 10:57 0:00 0:00
Scott Hartnell 0 0 0 1 0 2 2 0 0 0 0/0 16:06 4:19 0:00
Slava Voynov 0 0 0 -1 0 0 0 0 0 0 0/0 11:27 0:00 0:00
T.J Galiardi 0 0 0 -2 0 1 1 0 0 0 0/2 11:17 0:00 0:56
Victor Oreskovich 1 0 1 1 0 4 0 0 0 0 0/0 16:06 4:19 0:00
Wojtek Wolski 0 0 0 0 2 3 3 0 1 0 2/5 21:49 5:36 1:19
Zack Kassian 0 0 0 0 0 1 1 0 3 1 1/1 22:04 5:36 1:34
3 Stars
1 - Michal Neuvirth (Pit)
2 - Gilbert Brule (Pit)
3 - Andrew Cogliano (Pit)
Power Play
Penguins - 0 on 3 Attempt(s) - 0.00%
Bruins - 0 on 5 Attempt(s) - 0.00%
Penalty Kill
Penguins - 5 on 5 Attempt(s) - 100.00%
- Score 0 goal in Penalty Kill
Bruins - 3 on 3 Attempt(s) - 100.00%
- Score 0 goal in Penalty Kill
Team Stat
Penguins - Hits : 19 - Faceoff Wins : 28 - Blocked Shots : 10 - Penalty Minutes : 10
Bruins - Hits : 25 - Faceoff Wins : 33 - Blocked Shots : 7 - Penalty Minutes : 6
Official
Referees : Unknown
Linesman : Unknown
Game Notes
No Game Note
Finance
Level 1 -- Attendance: 4870 (81.17%) -- Ticket Income $603,880
Level 2 -- Attendance: 3899 (77.98%) -- Ticket Income $292,425
Level 3 -- Attendance: 1489 (74.45%) -- Ticket Income $65,516
Level 4 -- Attendance: 4000 (100.00%) -- Ticket Income $116,000
Luxury Box -- Attendance: 689 (68.90%) -- Ticket Income $150,891
Game was played at the TD Banknorth Garden.
Total Attendance: 14947 (83.04%)
Total Ticket Income: $1,228,712
Other Income: $184,307
Total Income: $1,413,019
Penguins
5 vs 5 Forward
Center Left Wing Right Wing Time % Phy DF OF
1 Steven Stamkos Daniel Carcillo Nikita Kucherov 40 0 2 3
2 Gilbert Brule Andrew Cogliano Mark Stone 30 0 2 3
3 Joe Colborne Marcus Foligno Cal Clutterbuck 20 0 2 3
4 Sean Monahan Andreas Martinsen Viktor Arvidsson 10 0 2 3
5 vs 5 Defense
Defense Defense Time % Phy DF OF
1 Sean Zimmerman Keith Aulie 40 1 2 2
2 Jeff Schultz Danny DeKeiser 30 1 2 2
3 Alexei Marchenko Jake McCabe 20 1 2 2
4 Sean Zimmerman Keith Aulie 10 1 2 2
PowerPlay Forward
Center Left Wing Right Wing Time % Phy DF OF
1 Steven Stamkos Daniel Carcillo Nikita Kucherov 60 0 1 4
2 Gilbert Brule Andrew Cogliano Mark Stone 40 0 1 4
PowerPlay Defense
Defense Defense Time % Phy DF OF
1 Sean Zimmerman Keith Aulie 60 0 2 3
2 Jeff Schultz Danny DeKeiser 40 0 2 3
Penalty Kill 4 Players Forward
Center Wing Time % Phy DF OF
1 Steven Stamkos Daniel Carcillo 60 1 3 1
2 Joe Colborne Cal Clutterbuck 40 1 3 1
Penalty Kill 4 Players Defense
Defense Defense Time % Phy DF OF
1 Sean Zimmerman Keith Aulie 60 1 3 1
2 Jeff Schultz Danny DeKeiser 40 1 3 1
Penalty Kill - 3 Players Forward
Forward Time % Phy DF OF
1 Daniel Carcillo 60 1 3 1
2 Cal Clutterbuck 40 1 3 1
Penalty Kill - 3 Players Defense
Defense Defense Time % Phy DF OF
1 Sean Zimmerman Keith Aulie 60 1 3 1
2 Jeff Schultz Danny DeKeiser 40 1 3 1
4 vs 4 Forward
Center Wing Time % Phy DF OF
1 Steven Stamkos Nikita Kucherov 60 0 2 3
2 Gilbert Brule Andrew Cogliano 40 0 2 3
4 vs 4 Defense
Defense Defense Time % Phy DF OF
1 Sean Zimmerman Keith Aulie 60 1 2 2
2 Jeff Schultz Danny DeKeiser 40 1 2 2
Last Minutes Offensive
Center Left Wing Right Wing Defense Defense
Steven Stamkos Daniel Carcillo Nikita Kucherov Sean Zimmerman Keith Aulie
Last Minutes Defensive
Center Left Wing Right Wing Defense Defense
Steven Stamkos Daniel Carcillo Cal Clutterbuck Sean Zimmerman Keith Aulie
Goaltenders
Starting : Michal Neuvirth
Backup : Sergei Bobrovsky
Extra Forwards
Normal : Steven Stamkos, Andrew Cogliano, Marcus Foligno - PP : Steven Stamkos, Andrew Cogliano - PK : Daniel Carcillo
Extra Defensemen
Normal : Sean Zimmerman, Jeff Schultz, Alexei Marchenko - PP : Keith Aulie - PK : Sean Zimmerman, Jeff Schultz
Penalty Shots
Nikita Kucherov, Steven Stamkos, Andrew Cogliano, Gilbert Brule, Marcus Foligno
Scratches
Marian Hossa (Healthy), Eric Gryba (Healthy)
Bruins
5 vs 5 Forward
Center Left Wing Right Wing Time % Phy DF OF
1 Jonathan Toews Wojtek Wolski Zack Kassian 40 1 2 2
2 Henrik Sedin Scott Hartnell Victor Oreskovich 30 1 2 2
3 Mike Ribeiro T.J Galiardi Matt Read 20 1 2 2
4 Casey Cizikas Kris Chucko Miikka Salomaki 10 1 2 2
5 vs 5 Defense
Defense Defense Time % Phy DF OF
1 Jason Demers Brendan Smith 40 1 2 2
2 Dan Hamhuis Johnny Boychuk 30 1 2 2
3 Slava Voynov Ian Cole 20 1 2 2
4 Jason Demers Brendan Smith 10 1 2 2
PowerPlay Forward
Center Left Wing Right Wing Time % Phy DF OF
1 Jonathan Toews Wojtek Wolski Zack Kassian 60 1 2 2
2 Henrik Sedin Scott Hartnell Victor Oreskovich 40 1 2 2
PowerPlay Defense
Defense Defense Time % Phy DF OF
1 Jason Demers Brendan Smith 60 1 2 2
2 Dan Hamhuis Johnny Boychuk 40 1 2 2
Penalty Kill 4 Players Forward
Center Wing Time % Phy DF OF
1 Wojtek Wolski Zack Kassian 60 1 2 2
2 Henrik Sedin Jonathan Toews 40 1 2 2
Penalty Kill 4 Players Defense
Defense Defense Time % Phy DF OF
1 Jason Demers Brendan Smith 60 1 2 2
2 Dan Hamhuis Johnny Boychuk 40 1 2 2
Penalty Kill - 3 Players Forward
Forward Time % Phy DF OF
1 Wojtek Wolski 60 1 2 2
2 Zack Kassian 40 1 2 2
Penalty Kill - 3 Players Defense
Defense Defense Time % Phy DF OF
1 Jason Demers Brendan Smith 60 1 2 2
2 Dan Hamhuis Johnny Boychuk 40 1 2 2
4 vs 4 Forward
Center Wing Time % Phy DF OF
1 Wojtek Wolski Zack Kassian 60 1 2 2
2 Henrik Sedin Jonathan Toews 40 1 2 2
4 vs 4 Defense
Defense Defense Time % Phy DF OF
1 Jason Demers Brendan Smith 60 1 2 2
2 Dan Hamhuis Johnny Boychuk 40 1 2 2
Last Minutes Offensive
Center Left Wing Right Wing Defense Defense
Henrik Sedin Wojtek Wolski Zack Kassian Jason Demers Brendan Smith
Last Minutes Defensive
Center Left Wing Right Wing Defense Defense
Henrik Sedin Wojtek Wolski Zack Kassian Jason Demers Brendan Smith
Goaltenders
Starting : Kevin Poulin
Backup : Josh Tordjman
Extra Forwards
Normal : Mike Ribeiro, Matt Read, T.J Galiardi - PP : Mike Ribeiro, Matt Read - PK : T.J Galiardi
Extra Defensemen
Normal : Johnny Boychuk, Jason Demers, Dan Hamhuis - PP : Slava Voynov - PK : Johnny Boychuk, Dan Hamhuis
Penalty Shots
Wojtek Wolski, Zack Kassian, Henrik Sedin, Jonathan Toews, Scott Hartnell
Scratches
Rene Bourque (Healthy)
% Time on Ice - Penguins
Lines # - Real PCT - Wanted PCT - Time Play
Normal Forward
1 - 35% - 40% - 15:37
2 - 30% - 30% - 13:33
3 - 20% - 20% - 9:13
4 - 15% - 10% - 6:41
Normal Defense
1 - 37% - 40% - 16:49
2 - 31% - 30% - 13:58
3 - 23% - 20% - 10:18
4 - 9% - 10% - 3:59
PP Forward
1 - 74% - 60% - 3:14
2 - 26% - 40% - 1:08
PP Defense
1 - 74% - 60% - 3:13
2 - 26% - 40% - 1:09
PK Forward
1 - 77% - 60% - 7:38
2 - 23% - 40% - 2:17
PK Defense
1 - 59% - 60% - 5:49
2 - 41% - 40% - 4:06
PK3 Forward
1 - 0% - 60%
2 - 0% - 40%
PK3 Defense
1 - 0% - 60%
2 - 0% - 40%
44 Forward
1 - 0% - 60%
2 - 0% - 40%
44 Defense
1 - 0% - 60%
2 - 0% - 40%
Last Minute Offensive - 0:00
Last Minute Defensive - 0:39
Total
Forward - 60:00
Defense - 60:00
|
% Time on Ice - Bruins
Lines # - Real PCT - Wanted PCT - Time Play
Normal Forward
1 - 32% - 40% - 14:09
2 - 27% - 30% - 12:14
3 - 22% - 20% - 9:54
4 - 19% - 10% - 8:38
Normal Defense
1 - 36% - 40% - 16:15
2 - 34% - 30% - 15:28
3 - 25% - 20% - 11:27
4 - 4% - 10% - 1:45
PP Forward
1 - 56% - 60% - 5:36
2 - 44% - 40% - 4:19
PP Defense
1 - 57% - 60% - 5:40
2 - 43% - 40% - 4:15
PK Forward
1 - 83% - 60% - 2:18
2 - 17% - 40% - 0:29
PK Defense
1 - 68% - 60% - 1:53
2 - 32% - 40% - 0:54
PK3 Forward
1 - 100% - 60% - 1:35
2 - 0% - 40% - 0:00
PK3 Defense
1 - 100% - 60% - 1:35
2 - 0% - 40% - 0:00
44 Forward
1 - 0% - 60%
2 - 0% - 40%
44 Defense
1 - 0% - 60%
2 - 0% - 40%
Last Minute Offensive - 0:48
Last Minute Defensive - 0:00
Total
Forward - 60:00
Defense - 60:00
|
Play-by-Play
1st period
0:01 of 1st period - Steven Stamkos wins face-off versus Jonathan Toews in neutral zone.
0:13 of 1st period - Snap shot by Jonathan Toews.
0:13 of 1st period - Stopped by Michal Neuvirth without a rebound.
0:14 of 1st period - Henrik Sedin wins face-off versus Gilbert Brule in Penguins zone.
1:07 of 1st period - Snap shot by Steven Stamkos.
1:07 of 1st period - Stopped by Kevin Poulin with a rebound.
1:09 of 1st period - Snap shot by Danny DeKeiser.
1:09 of 1st period - Deflect By Jonathan Toews.
1:09 of 1st period - Stopped by Kevin Poulin with a rebound.
1:24 of 1st period - Off-side.
1:25 of 1st period - Casey Cizikas wins face-off versus Viktor Arvidsson in neutral zone.
2:12 of 1st period - Keith Aulie is hit by Mike Ribeiro and loses puck.
2:43 of 1st period - Snap shot by Cal Clutterbuck.
2:43 of 1st period - Shot Misses the Net.
3:03 of 1st period - Snap shot by Gilbert Brule.
3:03 of 1st period - Stopped by Kevin Poulin with a rebound.
3:05 of 1st period - Snap shot by Andrew Cogliano.
3:05 of 1st period - Shot Misses the Net.
3:07 of 1st period - Slapshot by Alexei Marchenko.
3:07 of 1st period - Deflect By Mark Stone.
3:07 of 1st period - Stopped by Kevin Poulin without a rebound.
3:08 of 1st period - Mike Ribeiro wins face-off versus Joe Colborne in Bruins zone.
3:29 of 1st period - Brendan Smith is hit by Marcus Foligno and loses puck.
4:20 of 1st period - Wrist shot by Casey Cizikas.
4:20 of 1st period - Shot Blocked by Sean Monahan.
4:22 of 1st period - Slapshot by Brendan Smith.
4:22 of 1st period - Stopped by Michal Neuvirth with a rebound.
4:24 of 1st period - Slapshot by Jason Demers.
4:24 of 1st period - Stopped by Michal Neuvirth without a rebound.
4:25 of 1st period - Casey Cizikas wins face-off versus Steven Stamkos in Penguins zone.
4:52 of 1st period - Sean Zimmerman is hit by Jonathan Toews and loses puck.
5:01 of 1st period - Slapshot by Jonathan Toews.
5:01 of 1st period - Shot Misses the Net.
5:03 of 1st period - Snap shot by Wojtek Wolski.
5:03 of 1st period - Stopped by Michal Neuvirth without a rebound.
5:04 of 1st period - Steven Stamkos wins face-off versus Henrik Sedin in Penguins zone.
5:26 of 1st period - Icing by Steven Stamkos.
5:27 of 1st period - Jonathan Toews wins face-off versus Steven Stamkos in Penguins zone.
6:18 of 1st period - Dan Hamhuis is hit by Steven Stamkos and loses puck.
6:23 of 1st period - Snap shot by Steven Stamkos.
6:23 of 1st period - Shot Misses the Net.
6:25 of 1st period - Snap shot by Steven Stamkos.
6:25 of 1st period - Shot Misses the Net.
6:31 of 1st period - Slapshot by Nikita Kucherov.
6:31 of 1st period - Shot Misses the Net.
6:33 of 1st period - Slapshot by Alexei Marchenko.
6:33 of 1st period - Deflect By Miikka Salomaki.
6:33 of 1st period - Stopped by Kevin Poulin with a rebound.
6:45 of 1st period - Snap shot by Nikita Kucherov.
6:45 of 1st period - Stopped by Kevin Poulin with a rebound.
6:47 of 1st period - Slapshot by Alexei Marchenko.
6:47 of 1st period - Shot Misses the Net.
6:49 of 1st period - Slapshot by Jake McCabe.
6:49 of 1st period - Stopped by Kevin Poulin with a rebound.
6:51 of 1st period - Slapshot by Jake McCabe.
6:51 of 1st period - Shot Blocked by Johnny Boychuk.
6:53 of 1st period - Snap shot by Steven Stamkos.
6:53 of 1st period - Shot Misses the Net.
6:55 of 1st period - Snap shot by Jake McCabe.
6:55 of 1st period - Shot Misses the Net.
6:57 of 1st period - Snap shot by Daniel Carcillo.
6:57 of 1st period - Deflect By Steven Stamkos.
6:57 of 1st period - Shot Blocked by Dan Hamhuis.
6:57 of 1st period - Puck is out of play.
6:58 of 1st period - Jonathan Toews wins face-off versus Gilbert Brule in Bruins zone.
7:06 of 1st period - Minor Penalty to Gilbert Brule for Tripping.
7:07 of 1st period - Joe Colborne wins face-off versus Jonathan Toews in Penguins zone.
7:34 of 1st period - Sean Zimmerman is hit by Scott Hartnell and loses puck.
9:06 of 1st period - Penalty to Gilbert Brule is over, Gilbert Brule is back on ice.
9:20 of 1st period - Jake McCabe is hit by Mike Ribeiro and loses puck.
10:43 of 1st period - Snap shot by Casey Cizikas.
10:43 of 1st period - Stopped by Michal Neuvirth without a rebound.
10:44 of 1st period - Gilbert Brule wins face-off versus Casey Cizikas in Penguins zone.
10:53 of 1st period - Wrist shot by Mark Stone.
10:53 of 1st period - Shot Misses the Net.
10:55 of 1st period - Wrist shot by Andrew Cogliano.
10:55 of 1st period - Shot Blocked by Brendan Smith.
10:57 of 1st period - Backhand shot by Andrew Cogliano.
10:57 of 1st period - Stopped by Kevin Poulin with a rebound.
10:59 of 1st period - Snap shot by Andrew Cogliano.
10:59 of 1st period - Shot Blocked by Miikka Salomaki.
11:01 of 1st period - Snap shot by Andrew Cogliano.
11:01 of 1st period - Shot Misses the Net.
11:13 of 1st period - Snap shot by Kris Chucko.
11:13 of 1st period - Stopped by Michal Neuvirth without a rebound.
11:14 of 1st period - Joe Colborne wins face-off versus Wojtek Wolski in Penguins zone.
11:31 of 1st period - Snap shot by Wojtek Wolski.
11:31 of 1st period - Deflect By Jonathan Toews.
11:31 of 1st period - Shot Misses the Net.
11:31 of 1st period - Puck is out of play.
11:32 of 1st period - Gilbert Brule wins face-off versus Henrik Sedin in Penguins zone.
11:59 of 1st period - Steven Stamkos is hit by T.J Galiardi and loses puck.
12:04 of 1st period - Wrist shot by T.J Galiardi.
12:04 of 1st period - Deflect By Matt Read.
12:04 of 1st period - Stopped by Michal Neuvirth without a rebound.
12:05 of 1st period - Jonathan Toews wins face-off versus Steven Stamkos in Penguins zone.
12:06 of 1st period - Wrist shot by Zack Kassian.
12:06 of 1st period - Shot Misses the Net.
12:41 of 1st period - Snap shot by Victor Oreskovich.
12:41 of 1st period - Stopped by Michal Neuvirth with a rebound.
13:03 of 1st period - Keith Aulie is hit by Johnny Boychuk and loses puck.
13:14 of 1st period - Casey Cizikas is hit by Sean Monahan.
13:22 of 1st period - Wrist shot by Sean Monahan.
13:22 of 1st period - Stopped by Kevin Poulin with a rebound.
13:24 of 1st period - Slapshot by Keith Aulie.
13:24 of 1st period - Stopped by Kevin Poulin without a rebound.
13:25 of 1st period - Gilbert Brule wins face-off versus Wojtek Wolski in Bruins zone.
14:15 of 1st period - Marcus Foligno is hit by Jason Demers and loses puck.
14:58 of 1st period - Wrist shot by Andrew Cogliano.
14:58 of 1st period - Stopped by Kevin Poulin without a rebound.
14:59 of 1st period - Jonathan Toews wins face-off versus Gilbert Brule in Bruins zone.
14:59 of 1st period - Jonathan Toews is hit by Gilbert Brule.
15:15 of 1st period - Snap shot by Andrew Cogliano.
15:15 of 1st period - Stopped by Kevin Poulin with a rebound.
16:35 of 1st period - Off-side.
16:36 of 1st period - Henrik Sedin wins face-off versus Steven Stamkos in neutral zone.
16:41 of 1st period - Slava Voynov is hit by Daniel Carcillo.
16:53 of 1st period - Nikita Kucherov is hit by Ian Cole.
17:25 of 1st period - Matt Read is hit by Cal Clutterbuck and loses puck.
17:46 of 1st period - Off-side.
17:47 of 1st period - Sean Monahan wins face-off versus Casey Cizikas in neutral zone.
17:52 of 1st period - Backhand shot by Viktor Arvidsson.
17:52 of 1st period - Shot Misses the Net.
17:56 of 1st period - Snap shot by Sean Monahan.
17:56 of 1st period - Stopped by Kevin Poulin without a rebound.
17:57 of 1st period - Steven Stamkos wins face-off versus Jonathan Toews in Bruins zone.
18:34 of 1st period - Slapshot by Scott Hartnell.
18:34 of 1st period - Deflect By Victor Oreskovich.
18:34 of 1st period - Stopped by Michal Neuvirth with a rebound.
18:54 of 1st period - Keith Aulie is hit by Matt Read and loses puck.
19:17 of 1st period - Slapshot by Miikka Salomaki.
19:17 of 1st period - Stopped by Michal Neuvirth without a rebound.
19:18 of 1st period - Steven Stamkos wins face-off versus Jonathan Toews in Penguins zone.
19:22 of 1st period - Off-side.
19:23 of 1st period - Jonathan Toews wins face-off versus Steven Stamkos in neutral zone.
19:30 of 1st period - Wrist shot by Wojtek Wolski.
19:30 of 1st period - Shot Blocked by Daniel Carcillo.
19:36 of 1st period - Wrist shot by Steven Stamkos.
19:36 of 1st period - Shot Misses the Net.
19:38 of 1st period - Snap shot by Alexei Marchenko.
19:38 of 1st period - Stopped by Kevin Poulin with a rebound.
19:58 of 1st period - Slapshot by Victor Oreskovich.
19:58 of 1st period - Shot Blocked by Jake McCabe.
Goals for this period are 0 for Penguins vs 0 for Bruins.
Shots for this period are 14 for Penguins vs 10 for Bruins.
2nd period
0:01 of 2nd period - Jonathan Toews wins face-off versus Steven Stamkos in neutral zone.
0:34 of 2nd period - Snap shot by Joe Colborne.
0:34 of 2nd period - Stopped by Kevin Poulin without a rebound.
0:35 of 2nd period - Henrik Sedin wins face-off versus Steven Stamkos in Bruins zone.
0:35 of 2nd period - Henrik Sedin is hit by Sean Zimmerman.
0:47 of 2nd period - Snap shot by Scott Hartnell.
0:47 of 2nd period - Shot Blocked by Sean Zimmerman.
0:49 of 2nd period - Slapshot by Johnny Boychuk.
0:49 of 2nd period - Deflect By Steven Stamkos.
0:49 of 2nd period - Stopped by Michal Neuvirth with a rebound.
0:51 of 2nd period - Slapshot by Johnny Boychuk.
0:51 of 2nd period - Deflect By Scott Hartnell.
0:51 of 2nd period - Stopped by Michal Neuvirth with a rebound.
1:02 of 2nd period - Off-side.
1:03 of 2nd period - Mike Ribeiro wins face-off versus Gilbert Brule in neutral zone.
2:00 of 2nd period - Sean Zimmerman is hit by Scott Hartnell and loses puck.
2:22 of 2nd period - Snap shot by Casey Cizikas.
2:22 of 2nd period - Shot Misses the Net.
2:40 of 2nd period - Snap shot by T.J Galiardi.
2:40 of 2nd period - Deflect By Matt Read.
2:40 of 2nd period - Stopped by Michal Neuvirth with a rebound.
2:42 of 2nd period - Slapshot by Dan Hamhuis.
2:42 of 2nd period - Deflect By Matt Read.
2:42 of 2nd period - Shot Blocked by Sean Zimmerman.
2:42 of 2nd period - Puck is out of play.
2:43 of 2nd period - Mike Ribeiro wins face-off versus Gilbert Brule in Penguins zone.
2:58 of 2nd period - Slapshot by Mark Stone.
2:58 of 2nd period - Stopped by Kevin Poulin without a rebound.
2:59 of 2nd period - Jonathan Toews wins face-off versus Steven Stamkos in Bruins zone.
3:04 of 2nd period - Jeff Schultz is hit by Wojtek Wolski and loses puck.
3:13 of 2nd period - Jason Demers is hit by Danny DeKeiser.
3:34 of 2nd period - Snap shot by Victor Oreskovich.
3:34 of 2nd period - Goal by Victor Oreskovich - Penguins : 0 - Bruins : 1.
3:35 of 2nd period - Wojtek Wolski wins face-off versus Daniel Carcillo in neutral zone.
3:38 of 2nd period - Daniel Carcillo is hit by Jonathan Toews.
4:02 of 2nd period - Gilbert Brule is hit by Henrik Sedin and loses puck.
5:26 of 2nd period - Icing by Joe Colborne.
5:27 of 2nd period - Henrik Sedin wins face-off versus Joe Colborne in Penguins zone.
5:54 of 2nd period - Wrist shot by Keith Aulie.
5:54 of 2nd period - Shot Blocked by Brendan Smith.
6:57 of 2nd period - Ian Cole is hit by Danny DeKeiser and loses puck.
7:06 of 2nd period - Wrist shot by Joe Colborne.
7:06 of 2nd period - Shot Misses the Net.
7:08 of 2nd period - Wrist shot by Cal Clutterbuck.
7:08 of 2nd period - Shot Misses the Net.
7:45 of 2nd period - Icing by T.J Galiardi.
7:46 of 2nd period - Gilbert Brule wins face-off versus Mike Ribeiro in Bruins zone.
7:49 of 2nd period - Snap shot by Andrew Cogliano.
7:49 of 2nd period - Goal by Andrew Cogliano - Penguins : 1 - Bruins : 1.
7:50 of 2nd period - Jonathan Toews wins face-off versus Steven Stamkos in neutral zone.
8:33 of 2nd period - Minor Penalty to Andrew Cogliano for Hooking.
8:34 of 2nd period - Jonathan Toews wins face-off versus Steven Stamkos in Penguins zone.
8:39 of 2nd period - Snap shot by Jonathan Toews.
8:39 of 2nd period - Shot Misses the Net.
8:53 of 2nd period - Steven Stamkos is hit by Brendan Smith and loses puck.
9:44 of 2nd period - Joe Colborne is hit by Wojtek Wolski.
10:24 of 2nd period - Jason Demers is hit by Joe Colborne and loses puck.
10:33 of 2nd period - Penalty to Andrew Cogliano is over, Andrew Cogliano is back on ice.
10:40 of 2nd period - Off-side.
10:41 of 2nd period - Mike Ribeiro wins face-off versus Gilbert Brule in neutral zone.
10:52 of 2nd period - Snap shot by T.J Galiardi.
10:52 of 2nd period - Deflect By Mike Ribeiro.
10:52 of 2nd period - Stopped by Michal Neuvirth without a rebound.
10:53 of 2nd period - Gilbert Brule wins face-off versus Mike Ribeiro in Penguins zone.
11:00 of 2nd period - Snap shot by Mike Ribeiro.
11:00 of 2nd period - Shot Misses the Net.
11:22 of 2nd period - Slapshot by Nikita Kucherov.
11:22 of 2nd period - Stopped by Kevin Poulin without a rebound.
11:23 of 2nd period - Jonathan Toews wins face-off versus Steven Stamkos in Bruins zone.
11:23 of 2nd period - Jonathan Toews is hit by Nikita Kucherov.
12:01 of 2nd period - Snap shot by Jonathan Toews.
12:01 of 2nd period - Stopped by Michal Neuvirth without a rebound.
12:02 of 2nd period - Gilbert Brule wins face-off versus Henrik Sedin in Penguins zone.
12:02 of 2nd period - Gilbert Brule is hit by Johnny Boychuk.
12:48 of 2nd period - Snap shot by Kris Chucko.
12:48 of 2nd period - Stopped by Michal Neuvirth without a rebound.
12:49 of 2nd period - Viktor Arvidsson wins face-off versus Casey Cizikas in Penguins zone.
12:59 of 2nd period - Minor Penalty to Jason Demers for Interference.
13:00 of 2nd period - Steven Stamkos wins face-off versus Wojtek Wolski in Bruins zone.
13:03 of 2nd period - Snap shot by Steven Stamkos.
13:03 of 2nd period - Stopped by Kevin Poulin with a rebound.
13:23 of 2nd period - Minor Penalty to Wojtek Wolski for Hooking.
13:24 of 2nd period - Steven Stamkos wins face-off versus T.J Galiardi in Bruins zone.
14:50 of 2nd period - Snap shot by Steven Stamkos.
14:50 of 2nd period - Stopped by Kevin Poulin with a rebound.
14:59 of 2nd period - Penalty to Jason Demers is over, Jason Demers is back on ice.
15:08 of 2nd period - Snap shot by Nikita Kucherov.
15:08 of 2nd period - Stopped by Kevin Poulin without a rebound.
15:09 of 2nd period - Gilbert Brule wins face-off versus T.J Galiardi in Bruins zone.
15:23 of 2nd period - Penalty to Wojtek Wolski is over, Wojtek Wolski is back on ice.
15:44 of 2nd period - Backhand shot by Wojtek Wolski.
15:44 of 2nd period - Shot Blocked by Danny DeKeiser.
15:46 of 2nd period - Slapshot by Jason Demers.
15:46 of 2nd period - Deflect By T.J Galiardi.
15:46 of 2nd period - Shot Blocked by Jeff Schultz.
15:46 of 2nd period - Puck is out of play.
15:47 of 2nd period - Henrik Sedin wins face-off versus Gilbert Brule in Penguins zone.
16:12 of 2nd period - Ian Cole is hit by Jake McCabe and loses puck.
17:01 of 2nd period - Mark Stone is hit by Henrik Sedin and loses puck.
17:20 of 2nd period - Slapshot by Jason Demers.
17:20 of 2nd period - Deflect By Kris Chucko.
17:20 of 2nd period - Shot Blocked by Jeff Schultz.
17:20 of 2nd period - Puck is out of play.
17:21 of 2nd period - Joe Colborne wins face-off versus Jonathan Toews in Penguins zone.
17:46 of 2nd period - Henrik Sedin is hit by Steven Stamkos and loses puck.
18:11 of 2nd period - Wrist shot by Matt Read.
18:11 of 2nd period - Shot Misses the Net.
18:13 of 2nd period - Wrist shot by T.J Galiardi.
18:13 of 2nd period - Stopped by Michal Neuvirth with a rebound.
18:51 of 2nd period - Off-side.
18:52 of 2nd period - Henrik Sedin wins face-off versus Joe Colborne in neutral zone.
19:07 of 2nd period - Victor Oreskovich is hit by Marcus Foligno and loses puck.
19:16 of 2nd period - Snap shot by Cal Clutterbuck.
19:16 of 2nd period - Stopped by Kevin Poulin without a rebound.
19:17 of 2nd period - Steven Stamkos wins face-off versus Jonathan Toews in Bruins zone.
19:26 of 2nd period - Snap shot by Daniel Carcillo.
19:26 of 2nd period - Shot Hit the Post.
19:44 of 2nd period - Snap shot by Gilbert Brule.
19:44 of 2nd period - Deflect By Mark Stone.
19:44 of 2nd period - Shot Misses the Net.
19:44 of 2nd period - Puck is out of play.
19:45 of 2nd period - Gilbert Brule wins face-off versus Mike Ribeiro in Bruins zone.
19:48 of 2nd period - Wrist shot by Gilbert Brule.
19:48 of 2nd period - Stopped by Kevin Poulin with a rebound.
19:50 of 2nd period - Slapshot by Sean Zimmerman.
19:50 of 2nd period - Deflect By Andrew Cogliano.
19:50 of 2nd period - Stopped by Kevin Poulin without a rebound.
19:51 of 2nd period - Jonathan Toews wins face-off versus Gilbert Brule in Bruins zone.
Goals for this period are 1 for Penguins vs 1 for Bruins.
Shots for this period are 10 for Penguins vs 8 for Bruins.
3rd period
0:01 of 3rd period - Steven Stamkos wins face-off versus Jonathan Toews in neutral zone.
0:55 of 3rd period - Slapshot by Victor Oreskovich.
0:55 of 3rd period - Shot Misses the Net.
0:57 of 3rd period - Slapshot by Jason Demers.
0:57 of 3rd period - Deflect By Sean Monahan.
0:57 of 3rd period - Stopped by Michal Neuvirth with a rebound.
0:59 of 3rd period - Slapshot by Jason Demers.
0:59 of 3rd period - Stopped by Michal Neuvirth with a rebound.
1:01 of 3rd period - Backhand shot by Scott Hartnell.
1:01 of 3rd period - Stopped by Michal Neuvirth with a rebound.
1:03 of 3rd period - Snap shot by Scott Hartnell.
1:03 of 3rd period - Shot Misses the Net.
1:05 of 3rd period - Snap shot by Victor Oreskovich.
1:05 of 3rd period - Deflect By Sean Monahan.
1:05 of 3rd period - Shot Misses the Net.
1:05 of 3rd period - Puck is out of play.
1:06 of 3rd period - Steven Stamkos wins face-off versus Jonathan Toews in Penguins zone.
1:32 of 3rd period - Snap shot by Andrew Cogliano.
1:32 of 3rd period - Shot Misses the Net.
1:34 of 3rd period - Wrist shot by Mark Stone.
1:34 of 3rd period - Stopped by Kevin Poulin without a rebound.
1:35 of 3rd period - Gilbert Brule wins face-off versus Mike Ribeiro in Bruins zone.
1:48 of 3rd period - Snap shot by Gilbert Brule.
1:48 of 3rd period - Shot Misses the Net.
1:50 of 3rd period - Slapshot by Keith Aulie.
1:50 of 3rd period - Shot Misses the Net.
1:52 of 3rd period - Snap shot by Gilbert Brule.
1:52 of 3rd period - Goal by Gilbert Brule - Penguins : 2 - Bruins : 1.
1:53 of 3rd period - Jonathan Toews wins face-off versus Steven Stamkos in neutral zone.
1:58 of 3rd period - Backhand shot by Zack Kassian.
1:58 of 3rd period - Stopped by Michal Neuvirth without a rebound.
1:59 of 3rd period - Steven Stamkos wins face-off versus Jonathan Toews in Penguins zone.
2:28 of 3rd period - Victor Oreskovich is hit by Gilbert Brule and loses puck.
2:49 of 3rd period - Wrist shot by Marcus Foligno.
2:49 of 3rd period - Stopped by Kevin Poulin with a rebound.
2:55 of 3rd period - Slapshot by Jason Demers.
2:55 of 3rd period - Stopped by Michal Neuvirth with a rebound.
2:57 of 3rd period - Snap shot by Jason Demers.
2:57 of 3rd period - Shot Misses the Net.
3:07 of 3rd period - Casey Cizikas is hit by Andreas Martinsen and loses puck.
4:15 of 3rd period - Backhand shot by Matt Read.
4:15 of 3rd period - Shot Misses the Net.
4:16 of 3rd period - Minor Penalty to Marcus Foligno for Goalie Interference.
4:17 of 3rd period - Jonathan Toews wins face-off versus Steven Stamkos in Penguins zone.
5:20 of 3rd period - Snap shot by Daniel Carcillo.
5:20 of 3rd period - Shot Misses the Net.
5:22 of 3rd period - Snap shot by Cal Clutterbuck.
5:22 of 3rd period - Stopped by Kevin Poulin with a rebound.
5:24 of 3rd period - Backhand shot by Joe Colborne.
5:24 of 3rd period - Stopped by Kevin Poulin without a rebound.
5:25 of 3rd period - Steven Stamkos wins face-off versus Henrik Sedin in Bruins zone.
6:16 of 3rd period - Penalty to Marcus Foligno is over, Marcus Foligno is back on ice.
6:18 of 3rd period - Gilbert Brule is hit by Dan Hamhuis.
6:28 of 3rd period - Wrist shot by Andrew Cogliano.
6:28 of 3rd period - Shot Misses the Net.
6:42 of 3rd period - Snap shot by Andrew Cogliano.
6:42 of 3rd period - Shot Hit the Post.
6:44 of 3rd period - Slapshot by Sean Zimmerman.
6:44 of 3rd period - Shot Blocked by Johnny Boychuk.
6:58 of 3rd period - Wrist shot by Gilbert Brule.
6:58 of 3rd period - Stopped by Kevin Poulin with a rebound.
7:00 of 3rd period - Slapshot by Keith Aulie.
7:00 of 3rd period - Shot Misses the Net.
7:02 of 3rd period - Slapshot by Sean Zimmerman.
7:02 of 3rd period - Stopped by Kevin Poulin with a rebound.
7:04 of 3rd period - Slapshot by Gilbert Brule.
7:04 of 3rd period - Stopped by Kevin Poulin with a rebound.
7:24 of 3rd period - Sean Zimmerman is hit by Miikka Salomaki and loses puck.
7:59 of 3rd period - Wrist shot by Andrew Cogliano.
7:59 of 3rd period - Shot Blocked by Johnny Boychuk.
8:05 of 3rd period - Snap shot by Gilbert Brule.
8:05 of 3rd period - Stopped by Kevin Poulin without a rebound.
8:06 of 3rd period - Jonathan Toews wins face-off versus Steven Stamkos in Bruins zone.
8:12 of 3rd period - Minor Penalty to Daniel Carcillo for Holding.
8:13 of 3rd period - Steven Stamkos wins face-off versus Jonathan Toews in Penguins zone.
8:23 of 3rd period - Snap shot by Jason Demers.
8:23 of 3rd period - Shot Misses the Net.
8:36 of 3rd period - Icing by Jonathan Toews.
8:37 of 3rd period - Jonathan Toews wins face-off versus Steven Stamkos in Bruins zone.
9:04 of 3rd period - Snap shot by Victor Oreskovich.
9:04 of 3rd period - Shot Blocked by Jeff Schultz.
9:06 of 3rd period - Snap shot by Victor Oreskovich.
9:06 of 3rd period - Shot Misses the Net.
9:32 of 3rd period - Wrist shot by Joe Colborne.
9:32 of 3rd period - Deflect By Nikita Kucherov.
9:32 of 3rd period - Shot Misses the Net.
9:32 of 3rd period - Puck is out of play.
9:33 of 3rd period - Joe Colborne wins face-off versus Henrik Sedin in Bruins zone.
9:49 of 3rd period - Joe Colborne is hit by Johnny Boychuk and loses puck.
10:12 of 3rd period - Penalty to Daniel Carcillo is over, Daniel Carcillo is back on ice.
10:44 of 3rd period - Slava Voynov is hit by Daniel Carcillo and loses puck.
10:51 of 3rd period - Nikita Kucherov is hit by Miikka Salomaki and loses puck.
11:50 of 3rd period - Wrist shot by Victor Oreskovich.
11:50 of 3rd period - Stopped by Michal Neuvirth without a rebound.
11:51 of 3rd period - Jonathan Toews wins face-off versus Steven Stamkos in Penguins zone.
11:52 of 3rd period - Wrist shot by Wojtek Wolski.
11:52 of 3rd period - Shot Misses the Net.
12:19 of 3rd period - Minor Penalty to Johnny Boychuk for Hooking.
12:20 of 3rd period - Wojtek Wolski wins face-off versus Steven Stamkos in Bruins zone.
12:39 of 3rd period - Nikita Kucherov is hit by Zack Kassian.
12:51 of 3rd period - Snap shot by Gilbert Brule.
12:51 of 3rd period - Shot Misses the Net.
13:39 of 3rd period - Andrew Cogliano is hit by Ian Cole and loses puck.
14:19 of 3rd period - Penalty to Johnny Boychuk is over, Johnny Boychuk is back on ice.
14:26 of 3rd period - Henrik Sedin is hit by Viktor Arvidsson and loses puck.
14:35 of 3rd period - Wrist shot by Sean Monahan.
14:35 of 3rd period - Stopped by Kevin Poulin with a rebound.
14:37 of 3rd period - Snap shot by Sean Monahan.
14:37 of 3rd period - Shot Misses the Net.
14:39 of 3rd period - Wrist shot by Viktor Arvidsson.
14:39 of 3rd period - Stopped by Kevin Poulin with a rebound.
14:53 of 3rd period - Mike Ribeiro is hit by Alexei Marchenko and loses puck.
15:00 of 3rd period - Wrist shot by Matt Read.
15:00 of 3rd period - Shot Misses the Net.
15:38 of 3rd period - Danny DeKeiser is hit by Jonathan Toews.
17:09 of 3rd period - Minor Penalty to Marcus Foligno for Hooking.
17:10 of 3rd period - Zack Kassian wins face-off versus Steven Stamkos in Penguins zone.
17:13 of 3rd period - Wrist shot by Zack Kassian.
17:13 of 3rd period - Shot Misses the Net.
17:32 of 3rd period - Icing by Dan Hamhuis.
17:33 of 3rd period - Jonathan Toews wins face-off versus Steven Stamkos in Bruins zone.
18:55 of 3rd period - Gilbert Brule is hit by Wojtek Wolski and loses puck.
19:09 of 3rd period - Penalty to Marcus Foligno is over, Marcus Foligno is back on ice.
19:16 of 3rd period - Bruins, Kevin Poulin is pulled from the net.
19:20 of 3rd period - Snap shot by Wojtek Wolski.
19:20 of 3rd period - Stopped by Michal Neuvirth without a rebound.
19:21 of 3rd period - Marc Crawford call a timeout for Bruins.
19:21 of 3rd period - Mike Ribeiro wins face-off versus Steven Stamkos in Penguins zone.
19:22 of 3rd period - Backhand shot by Wojtek Wolski.
19:22 of 3rd period - Shot Misses the Net.
19:24 of 3rd period - Snap shot by Mike Ribeiro.
19:24 of 3rd period - Shot Misses the Net.
19:38 of 3rd period - Wrist shot by Wojtek Wolski.
19:38 of 3rd period - Stopped by Michal Neuvirth without a rebound.
19:39 of 3rd period - Steven Stamkos wins face-off versus Mike Ribeiro in Penguins zone.
19:57 of 3rd period - Snap shot by Zack Kassian.
19:57 of 3rd period - Shot Blocked by Keith Aulie.
19:59 of 3rd period - Snap shot by Mike Ribeiro.
19:59 of 3rd period - Stopped by Michal Neuvirth with a rebound.
Goals for this period are 1 for Penguins vs 0 for Bruins.
Shots for this period are 11 for Penguins vs 9 for Bruins.
Output by the SimonT Hockey Simulator (STHS) for Francois Prevost